 Dungeon Crawl Stone Soup version 0.17-a0-1920-gafa4d75 (webtiles) character file.

29 derrpe the Firebug (level 3, 0/19 HPs)
             Began as a Tengu Fire Elementalist on Sept 27, 2015.
             Slain by an adder (4 damage)
             ... on level 2 of the Dungeon.
             The game lasted 00:01:51 (1151 turns).

derrpe the Firebug (Tengu Fire Elementalist)        Turns: 1151, Time: 00:01:51

Health: 0/19       AC:  3    Str:  8    XL:     3   Next: 16%
Magic:  0/7        EV: 15    Int: 16    God:
Gold:   47         SH:  0    Dex: 14    Spells: 1 memorised, 5 levels left

rFire  + . .     SeeInvis .     f - +0 dagger
rCold  . . .     Clarity  .     a - +0 robe
rNeg   . . .     SustAt   .     (no shield)
rPois  .         Gourm    .     (helmet restricted)
rElec  .         Spirit   .     (no cloak)
rCorr  .         Warding  .     (no gloves)
rMut   .         Stasis   .     (boots unavailable)
MR     .....                    (no amulet)
Stlth  ++........               (no ring)
                                (no ring)

@: lethally poisoned (0 -> -3), flying quickly and evasively (expiring), very
slightly contaminated, quick, not resistant to hostile enchantments, unstealthy
A: beak, talons 3, icy blue scales 1, fire resistance 1, low mp 1
a: no special abilities


You were on level 2 of the Dungeon.
You were very hungry.

You visited 1 branch of the dungeon, and saw 2 of its levels.

You collected 47 gold pieces.

Inventory:

Hand weapons
 f - a +0 dagger (weapon)
Missiles
 j - 22 arrows
Armour
 a - a +0 robe (worn)
Scrolls
 d - 2 scrolls of identify
 h - a scroll of remove curse
Books
 b - a book of Flames

   Spells                             Type                      Level
   a - Flame Tongue                   Conjuration/Fire             1
   b - Throw Flame                    Conjuration/Fire             2
   c - Conjure Flame                  Conjuration/Fire             3
   d - Inner Flame                    Hexes/Fire                   3
   e - Sticky Flame                   Conjuration/Fire             4
   f - Fireball                       Conjuration/Fire             5
Comestibles
 c - 2 bread rations {@e1}


   Skills:
 - Level 2.1 Dodging
 - Level 2.0 Stealth
 + Level 2.4 Spellcasting
 * Level 2.3 Conjurations
 * Level 3.8 Fire Magic


You had 5 spell levels left.
You knew the following spells:

 Your Spells              Type           Power        Failure   Level  Hunger
a - Flame Tongue          Conj/Fire      ##...        8%          1    #......


Dungeon Overview and Level Annotations

Branches:
Dungeon (2/15)

Altars:


Innate Abilities, Weirdness & Mutations

You have a beak for a mouth.
You have claws for feet.
You are partially covered in icy blue scales (AC +1).
Your flesh is heat resistant.
Your magical capacity is low (-10% MP).


Message History

Aiming: Flame Tongue
Press: ? - help, Shift-Dir - straight line, f/p - adder
Aim: an adder (heavily wounded)
The flame tongue hits the adder.
The adder is heavily wounded.
You feel sick. The adder bites you.
* * * LOW HITPOINT WARNING * * *
A hobgoblin comes into view. It is wielding a club.
Unknown command.
You hit the adder.
The adder is severely wounded.
The adder misses you. The adder closely misses you.
You closely miss the adder. Your peck misses the adder.
The adder is severely wounded.
The adder closely misses you.
You closely miss the adder. You claw the adder, but do no damage.
The adder is severely wounded.
You are starting to lose your buoyancy.
The adder bites you.
You die...

#.###. .>....
......# ..)....
.......### #
>..<.....####..#
.........S@g...#
.........####.##
.......###
....... #.#####
#


You could see an adder and a hobgoblin.

Vanquished Creatures
  An adder (D:2)
  A giant gecko (D:1)
  A giant cockroach (D:1)
  4 goblins (D:1)
  2 hobgoblins (D:1)
  5 kobolds (D:1)
  3 bats (D:1)
  A giant newt (D:1)
  3 rats (D:1)
21 creatures vanquished.

Notes
Turn   | Place    | Note
--------------------------------------------------------------
     0 | D:1      | derrpe the Tengu Fire Elementalist began the quest for the Orb.
     0 | D:1      | Reached XP level 1. HP: 10/10 MP: 4/4
   236 | D:1      | Reached XP level 2. HP: 15/15 MP: 4/6
  1137 | D:2      | Gained mutation: You are partially covered in icy blue scales (AC +1). [potion of mutation]
  1137 | D:2      | Gained mutation: Your magical capacity is low (-10% MP). [potion of mutation]
  1137 | D:2      | Gained mutation: Your flesh is heat resistant. [potion of mutation]
  1141 | D:2      | Reached XP level 3. HP: 12/19 MP: 1/7
  1151 | D:2      | Slain by an adder

Vault maps used:
D:1:      kilobyte_arrival_exit_the_forest
D:2:      cheibriados_altar_1

Action                   || total
-------------------------++-------
Melee: Club              ||     3
       Unarmed           ||     1
       Dagger            ||     8
 Cast: Flame Tongue      ||    28
  Use: Potion            ||     2
       Scroll            ||     2
